AoeStats
← Soaking Dill

African Clearing

510411398Analyzed
3v3 RM · 1d ago on Sep 30, 2026· 61m 9s· 6 players
Game mode
Random Map
Map size
Normal (6 player)
Population
200
Speed
Normal
Resources
Standard
Victory
Conquest
Starting age
Dark Age
Ending age
Imperial Age
RankedLock teamsTeams togetherTeam positionsShared explorationLock speedFull tech treeHidden civsTurbo modeCheats
Victory
Defeat
🇨🇳 Italians · China
1224
+18
🇺🇸 Huns · United States
1199
+19
🇨🇴 Varangians · Colombia
1163
+19
🇨🇴 Huns · Colombia
1261
-19
🇨🇴 Persians · Colombia
1257
-19
🇨🇴 Spanish · Colombia
1246
-18
Soaking Dill
7:16 Loom
11:56 Feudal Age
12:46 Double-Bit Axe
14:51 Bloodlines
16:46 Scale Barding Armor
16:57 Forging
18:26 Fletching
18:50 Horse Collar
24:53 Castle Age
24:40 Padded Archer Armor
26:27 Husbandry
28:32 Thumb Ring
28:51 Bow Saw
29:37 Wheelbarrow
31:00 Ballistics
31:11 Bodkin Arrow
32:30 Gold Mining
32:50 Heavy Plow
33:22 Leather Archer Armor
35:23 Hand Cart
37:00 Town Watch
38:42 Stone Mining
42:57 Imperial Age
43:29 Heavy Cavalry Archer
45:08 Bracer
47:07 Conscription
47:15 Chain Barding Armor
47:31 Iron Casting
47:46 Marauders
47:09 Elite Tarkan
49:04 Two-Man Saw
50:11 Plate Barding Armor
50:36 Blast Furnace
53:34 Gold Shaft Mining
55:05 Caravan
Teodoro
10:17 Loom
13:24 Feudal Age
17:28 Castle Age
15:47 Double-Bit Axe
18:50 Bow Saw
22:25 Squires
22:55 Town Watch
23:18 Horse Collar
24:50 Wheelbarrow
26:29 Arson
29:06 Scale Mail Armor
32:14 Fervor
33:11 Hand Cart
32:58 Heavy Plow
32:53 Town Watch
33:38 Forging
35:08 Chain Mail Armor
38:40 Ballistics
38:14 Fletching
40:43 Murder Holes
40:59 Masonry
40:30 Treadmill Crane
42:45 Iron Casting
42:39 Gambesons
45:46 Imperial Age
45:17 Fortified Wall
46:50 Conscription
47:21 Illumination
47:31 Theocracy
46:57 Devotion
46:48 Elite Varangian Guard
49:16 Gothikon
50:37 Bodkin Arrow
52:56 Chemistry
52:40 Stone Mining
52:40 Gold Mining
59:53 Siege Engineers
60:19 Architecture
61:32 Plate Mail Armor
62:03 Blast Furnace
没钱买DLC
6:02 Loom
14:18 Feudal Age
15:25 Double-Bit Axe
21:37 Castle Age
23:03 Bow Saw
25:06 Fishing Lines
26:56 Wheelbarrow
30:12 Imperial Age
27:58 Stone Mining
28:15 Gillnets
28:27 Fletching
28:37 Town Watch
29:03 Gold Mining
30:31 Ballistics
30:21 Bodkin Arrow
31:59 Chemistry
31:03 Bracer
31:41 Murder Holes
33:13 Conscription
33:53 Thumb Ring
38:02 Elite Genoese Crossbowman
39:56 Padded Archer Armor
41:12 Scale Barding Armor
43:41 Bloodlines
46:46 Chain Barding Armor
46:25 Horse Collar
47:19 Husbandry
50:10 Plate Barding Armor
49:25 Cavalier
50:20 Forging
50:07 Light Cavalry
53:24 Hussar
55:15 Heavy Plow
CarloMagno
3:38 Loom
12:06 Feudal Age
19:08 Double-Bit Axe
26:15 Wheelbarrow
25:36 Horse Collar
41:06 Castle Age
45:21 Bow Saw
47:07 Hand Cart
50:46 Fletching
50:57 Padded Archer Armor
52:07 Crossbowman
52:53 Thumb Ring
53:21 Kamandaran
53:47 Bodkin Arrow
61:03 Leather Archer Armor
60:49 Scale Mail Armor
60:59 Forging
60:47 Pikeman
61:27 Squires
nanodan47
10:51 Loom
14:15 Feudal Age
18:47 Castle Age
17:30 Double-Bit Axe
17:38 Gold Mining
19:50 Wheelbarrow
20:35 Bow Saw
20:26 Stone Mining
23:13 Town Watch
23:29 Elite Skirmisher
29:20 Fletching
29:30 Padded Archer Armor
34:25 Imperial Age
32:11 Hand Cart
32:33 Scale Barding Armor
32:39 Forging
32:25 Bodkin Arrow
32:55 Ballistics
32:31 Murder Holes
32:50 Marauders
33:49 Husbandry
34:00 Bloodlines
34:19 Bodkin Arrow
35:28 Gold Shaft Mining
35:39 Horse Collar
37:15 Chain Barding Armor
37:32 Iron Casting
37:13 Leather Archer Armor
39:44 Chemistry
39:30 Plate Barding Armor
40:06 Pikeman
40:46 Squires
42:13 Elite Tarkan
43:14 Conscription
47:40 Plate Barding Armor
48:10 Blast Furnace
50:57 Halberdier
51:23 Arson
51:39 Scale Mail Armor
LongShanks
6:51 Loom
12:07 Feudal Age
17:35 Castle Age
16:27 Double-Bit Axe
18:04 Padded Archer Armor
23:32 Leather Archer Armor
24:41 Horse Collar
29:54 Bloodlines
29:45 Husbandry
30:12 Husbandry
32:34 Wheelbarrow
32:00 Heavy Plow
32:12 Bow Saw
38:03 Imperial Age
35:56 Fletching
36:01 Elite Skirmisher
36:46 Thumb Ring
36:38 Bodkin Arrow
39:48 Hand Cart
41:11 Bracer
41:42 Ring Archer Armor
41:19 Scale Barding Armor
41:25 Forging
40:41 Cavalier
42:18 Conscription
43:31 Chemistry
42:52 Ballistics
44:48 Chain Barding Armor
51:04 Paladin
52:21 Plate Barding Armor
52:22 Iron Casting
53:48 Gold Mining
53:54 Stone Mining
57:34 Blast Furnace
57:26 Squires
57:34 Pikeman
58:59 Scale Mail Armor
59:26 Halberdier
60:23 Chain Mail Armor
Connection lost

Rejoining the realm…

Still unreachable

The connection could not be restored.

Session expired

The server has moved on; the page needs a fresh start.